 Dungeon Crawl Stone Soup version 0.29-a0-817-g9904bce7a6 (webtiles) character file.

Game seed: 12023605581541547552

2730 buhh the Ducker (level 9, -1/61 (64) HPs)
             Began as an Octopode Transmuter on July 5, 2022.
             Slain by a wight
             ... wielding a +4 flail of freezing
              (9 damage)
             ... on level 6 of the Dungeon.
             The game lasted 00:21:16 (9249 turns).

buhh the Ducker (Octopode Transmuter)               Turns: 9249, Time: 00:21:16

HP:   -1/61 (64)    AC:  2    Str:  9    XL:     9   Next: 67%
MP:   7/12          EV: 28    Int: 25    God:
Gold: 181           SH:  0    Dex: 18    Spells: 6/12 levels left

rFire   + . .      SeeInvis .     - Unarmed
rCold   . . .      Faith    .   (shield currently unavailable)
rNeg    . . .      Spirit   .   (helmet currently unavailable)
rPois   x          Reflect  .   (no amulet)
rElec   .          Harm     .   e - ring of protection from fire
rCorr   .          Rampage  .   j - +4 ring of evasion
Will    .....                   k - +6 ring of intelligence
Stlth   +++.......              (no ring)
HPRegen 0.20/turn               (no ring)
MPRegen 0.13/turn               (no ring)
                                (no ring)
                                (no ring)

@: spider-form, lightly drained
A: venomous fangs, almost no armour, (amphibious), 8 rings, tiny, (camouflage
1), (gelatinous body 1), (nimble swimmer 1), (tentacles)
a: End Transformation


You were on level 6 of the Dungeon.
You were a venomous arachnid creature.
You visited 1 branch of the dungeon, and saw 6 of its levels.
You also visited: Sewer.

You collected 256 gold pieces.
You spent 75 gold pieces at shops.

Inventory:

Missiles
 f - 21 poisoned darts (quivered)
 w - 3 curare-tipped darts
Armour
 u - a +0 buckler (melded)
Jewellery
 e - a ring of protection from fire (left front leg)
 j - a +4 ring of evasion (right front leg)
 k - a +6 ring of intelligence (on tentacle)
Wands
 s - a wand of flame (6)
Scrolls
 a - 2 scrolls of amnesia
 b - 2 scrolls of magic mapping
 g - a scroll of enchant weapon {unknown}
 i - 5 scrolls of silence
 m - 3 scrolls of teleportation {unknown}
 o - a scroll of fear
 q - a scroll of identify
 r - 2 scrolls of fog {unknown}
 v - a scroll of blinking {unknown}
Potions
 c - 2 potions of degeneration {unknown}
 d - 2 potions of resistance
 h - a potion of magic {unknown}
 l - 3 potions of cancellation
 n - 3 potions of mutation {unknown}
 p - 2 potions of berserk rage {unknown}
 t - 3 potions of heal wounds


   Skills:
 * Level 7.1 Fighting
 * Level 7.1 Dodging
 - Level 6.0 Stealth
 * Level 7.1 Unarmed Combat
 - Level 2.0 Spellcasting
 - Level 3.0 Transmutations
 - Level 2.0 Poison Magic


You had 6 spell levels left.
You knew the following spells:

 Your Spells              Type           Power      Damage    Failure   Level
a - Beastly Appendage     Tmut           34%        N/A       11%         1
b - Wereblood             Tmut           17%        N/A       14%         2
c - Spider Form           Tmut/Pois      15%        N/A       28%         3

Your spell library contained the following spells:

 Spells                   Type           Power      Damage    Failure   Level
 Passwall                 Tmut/Erth      8%         N/A       22%         2
 Freeze                   Ice            8%         1d3       26%         1
 Sandblast                Erth           4%         2d4       26%         1
 Frozen Ramparts          Ice            4%         1d2       54%         3
 Stone Arrow              Conj/Erth      4%         3d7       54%         3
 Ice Form                 Ice/Tmut       10%        N/A       73%         4
 Blade Hands              Tmut           8%         N/A       83%         5
 Hailstorm                Conj/Ice       2%         3d3       88%         4
 Irradiate                Conj/Tmut      5%         3d15      95%         5
 Dragon Form              Tmut           8%         N/A       100%        7


Dungeon Overview and Level Annotations

Branches:
Dungeon (6/15) Zot: 25715  Temple (0/1) D:6           Sewer (visited)

Altars:
Ashenzari
Sif Muna
Vehumet
Xom

Shops:
D:2 *


Innate Abilities, Weirdness & Mutations

You are a venomous arachnid creature.
You have poisonous fangs.
You are tiny and dextrous.
Your spellcasting is less reliable in this form.
Your armour is entirely melded.
You are incapable of wielding weapons or throwing items.
You cannot wear most types of armour.
((You are amphibious.))
You can wear up to eight rings at the same time.
((Your skin changes colour to match your surroundings (Stealth+).))
((Your rubbery body absorbs attacks. (AC +1, EV +1)))
((You are camouflaged when in or above water. (Stealth+)))
((You have tentacles for arms and can constrict up to eight enemies at once.))


Message History

The wight is heavily damaged.
The wight closely misses you. x3
You hit the wight.
The wight is severely damaged.
You hit the wight but do no damage.
The wight is severely damaged.
The wight completely misses you. The wight misses you. x2
You hit the wight but do no damage.
The wight is severely damaged.
The wight misses you. The wight completely misses you. x2
Your magical contamination has completely faded away.
You completely miss the wight.
The wight is severely damaged.
The wight completely misses you. The wight misses you.
The wight barely misses you.
You hit the wight but do no damage.
The wight is severely damaged.
The wight hits you with a +1 short sword of protection.
You feel drained. The wight completely misses you.
The wight hits you with a +0 battleaxe!
You bite the wight!
You destroy the wight!
The wight hits you with a +4 flail of freezing.
You feel drained. The wight freezes you. The wight barely misses you.
You bite the wight!
You destroy the wight!
The wight misses you.
You hit the wight.
The wight is lightly damaged.
The wight barely misses you.
You hit the wight.
The wight is heavily damaged.
You completely miss the wight.
The wight is heavily damaged.
The wight hits you with a +4 flail of freezing!!
* * * LOW HITPOINT WARNING * * *
You feel drained.
* * * LOW HITPOINT WARNING * * *
The wight freezes you!
You die...

.[..
##......#.....<..........
........###...............
.###.........................
..⌠.....................)....
...z..........##............#
⌠.>.⌠.........##.............
.................#...#...
..⌠......##z).#####.....
...........)s.# ....
........####...# .. .......##
##.[.... ....... ........
....... ..#...# ≈.#...#
..#...# ≈ ##.# ... .## ..
###. #


You could see a wight.

Vanquished Creatures
  Maggie (D:6)
  Pargi (D:4)
  An ice beast (D:6)
  A black bear (D:6)
  2 ogres
  6 kobold brigands
  2 phantoms (D:5)
  A bullfrog (D:6)
  4 scorpions
  A gnoll sergeant (D:5)
  6 wights
  A howler monkey (D:4)
  A jelly (D:5)
  A gnoll bouda (D:4)
  2 orc priests
  5 iguanas
  3 orc wizards
  12 gnolls
  13 adders
  A white imp (D:6)
  3 ufetubi
  3 worms
  3 dart slugs
  22 orcs
  11 ball pythons
  8 bats
  11 endoplasms
  5 giant cockroaches
  5 goblins
  8 hobgoblins
  6 jackals
  24 kobolds
  5 quokkas
  7 frilled lizards
  5 rats
191 creatures vanquished.

Vanquished Creatures (collateral kills)
  A ball python (D:5)
  A giant cockroach (D:5)
  A rat (D:5)
3 creatures vanquished.

Vanquished Creatures (others)
  4 plants (Sewer)
4 creatures vanquished.

Grand Total: 198 creatures vanquished

Notes
Turn   | Place    | Note
-------+----------+-------------------------------------------
     0 | D:1      | buhh the Octopode Transmuter began the quest for the Orb.
     0 | D:1      | Reached XP level 1. HP: 13/13 MP: 3/3
   306 | D:1      | Reached XP level 2. HP: 18/18 MP: 3/5
   925 | D:2      | Found Myfer's Assorted Antiques.
   927 | D:2      | Found a faded altar of an unknown god.
   931 | D:2      | Reached XP level 3. HP: 21/24 MP: 4/6
  1136 | D:2      | Bought a scroll labelled MAASHY QURU for 25 gold pieces
  1136 | D:2      | Bought a scroll labelled EHUGUYT YBLON for 25 gold pieces
  1136 | D:2      | Bought a scroll labelled ECUTOV YKHU for 25 gold pieces
  1186 | D:2      | Reached XP level 4. HP: 24/29 MP: 5/7
  2534 | D:3      | Reached XP level 5. HP: 29/35 MP: 6/8
  2655 | D:3      | Found a shimmering altar of Xom.
  2986 | D:2      | Learned a level 2 spell: Wereblood
  2990 | D:2      | Learned a level 3 spell: Spider Form
  3619 | D:4      | Found a broken altar of Ashenzari.
  3692 | D:4      | Reached XP level 6. HP: 42/42 MP: 7/9
  4318 | D:4      | Noticed Pargi
  4339 | D:4      | Killed Pargi
  4373 | D:4      | Reached XP level 7. HP: 48/48 MP: 6/10
  4446 | D:4      | Reached skill level 5 in Unarmed Combat
  5156 | D:4      | Found a shimmering blue altar of Sif Muna.
  5509 | D:5      | Entered Level 5 of the Dungeon
  5566 | D:5      | Found a glowing drain.
  5587 | Sewer    | Entered a sewer
  6197 | Sewer    | Reached skill level 5 in Fighting
  6387 | Sewer    | Reached XP level 8. HP: 28/55 MP: 8/11
  6916 | D:5      | Reached skill level 5 in Dodging
  7506 | D:5      | Reached skill level 5 in Stealth
  7700 | D:5      | Reached XP level 9. HP: 49/62 MP: 6/12
  8134 | D:6      | Noticed Maggie
  8151 | D:6      | Killed Maggie
  8833 | D:6      | Found a radiant altar of Vehumet.
  9215 | D:6      | Found a staircase to the Ecumenical Temple.
  9249 | D:6      | Slain by a wight

Illustrated notes

Levels and vault maps discovered:
D:1:      beargit_arrival_diablo_church, layout_rooms
D:2:      layout_loops_cross, serial_shops, shop,
          nicolae_ecumenical_snake_handling
D:3:      layout_basic, overflow_temple_1_default, grunt_ministairs_9,
          minmay_bisected
D:4:      layout_basic, lemuel_crystal_altar,
          mainiacjoe_overflow_surrounded_room, chequers_jeans, minmay_between,
          uniq_pargi
D:5:      layout_basic, cheibrodos_sewer_entry_drain, grunt_decor_cap,
          supply_closet_lemuel
D:6:      layout_cave_pools, kennysheep_mini, temple_fountains, serial_rivers,
          chequers_serial_rivers_large_a, chequers_serial_rivers_micro_c,
          chequers_serial_rivers_large_b, chequers_serial_rivers_small_b,
          chequers_serial_rivers_room_a, chequers_serial_rivers_micro_c,
          uniq_maggie, uniq_crazy_yiuf_cottage

Skill      XL: |  1  2  3  4  5  6  7  8  9 |
---------------+----------------------------+-----
Stealth        | 1 2 3 6 |  6.0
Fighting       | 2 3 4 5 6 7 |  7.1
Poison Magic   | 1 2 |  2.0
Unarmed Combat | 4 5 6 7 |  7.1
Dodging        | 3 4 6 7 |  7.1
Transmutations | 3 |  3.0
Spellcasting   | |  2.0

Action                   |  1- 3 |  4- 6 |  7- 9 || total
-------------------------+-------+-------+-------++-------
Melee: Unarmed           |    56 |   175 |   310 ||   541
       Kick              |    15 |    28 |     8 ||    51
       Tentacles         |     8 |    18 |    11 ||    37
       Constrict         |    16 |    27 |    17 ||    60
       Punch             |     4 |     5 |     1 ||    10
Throw: Dart              |       |       |     4 ||     4
 Cast: Beastly Appendage |    19 |    35 |    13 ||    67
       Spider Form       |       |     7 |    37 ||    44
       Wereblood         |       |     5 |     1 ||     6
Evoke: Wand              |       |       |     7 ||     7
  Use: Scroll            |     3 |     1 |     9 ||    13
       Potion            |       |     1 |     3 ||     4
 Stab: Sleeping          |     4 |     5 |    11 ||    20
Armor: Skin              |     1 |    40 |     7 ||    48
Dodge: Dodged            |    28 |    99 |   278 ||   405
Block: Buckler           |       |       |     3 ||     3

Table legend: (Time is in decaauts)
 A = Elapsed time spent in this place.
 B = Non-inter-level travel time spent in this place.
 C = Inter-level travel time spent in this place.
 D = Time resting spent in this place.
 E = Time spent auto-exploring this place.
 F = Levels seen in this place.
 G = Mean time per level.
                   A        B        C        D        E       F      G
               +--------+--------+--------+--------+--------+-----+--------+
         Total |   9208 |   8958 |    250 |   2108 |   5120 |   7 | 1315.4 |
       Dungeon |   8391 |   8141 |    250 |   1754 |   4880 |   6 | 1398.5 |
         Sewer |    816 |    816 |      0 |    354 |    240 |   1 |  816.0 |
               +--------+--------+--------+--------+--------+-----+--------+

Top non-repeatable levels by time:
     D:5: 2108 daAuts
     D:4: 1783 daAuts
     D:3: 1676 daAuts
     D:2: 1274 daAuts
   Sewer: 816 daAuts
     D:6: 794 daAuts
     D:1: 754 daAuts
